AoeStats
← Kaiser Ze

Oasis

508883477Analyzed
4v4 RM · 8d ago on Sep 24, 2026· 45m 57s· 8 players
Game mode
Random Map
Map size
Large (8 player)
Population
200
Speed
Normal
Resources
Standard
Victory
Conquest
Starting age
Dark Age
Ending age
Imperial Age
RankedLock teamsTeams togetherTeam positionsShared explorationLock speedFull tech treeHidden civsTurbo modeCheats
Victory
Defeat
🇭🇰 Khmer · Hong Kong SAR China
1371
+16
🇭🇰 Koreans · Hong Kong SAR China
1361
+17
🇭🇰 Burgundians · Hong Kong SAR China
1359
+17
🇭🇰 Britons · Hong Kong SAR China
1355
+17
🇨🇳 Franks · China
1412
-18
🇨🇳 Danes · China
1400
-18
🇦🇷 Vietnamese · Argentina
1383
-17
1318
-14
Wes
6:22 Loom
9:14 Feudal Age
10:31 Double-Bit Axe
13:17 Fletching
21:30 Castle Age
20:00 Gold Mining
22:26 Bow Saw
21:58 Horse Collar
22:20 Bodkin Arrow
23:08 Wheelbarrow
22:42 Heavy Plow
22:57 Stone Mining
25:03 Bodkin Arrow
26:02 Crossbowman
27:42 Wheelbarrow
28:28 Town Watch
29:08 Hand Cart
31:42 Gold Shaft Mining
31:09 Padded Archer Armor
34:44 Imperial Age
33:26 Ballistics
34:29 Leather Archer Armor
35:17 Squires
36:30 Chemistry
35:31 Bracer
34:59 Cranequins
35:50 Warwolf
36:13 Yeomen
36:14 Conscription
35:41 Pikeman
36:23 Scale Mail Armor
36:54 Ring Archer Armor
36:18 Elite Longbowman
38:33 Chain Mail Armor
38:49 Warwolf
38:22 Arbalester
38:53 Arson
40:01 Halberdier
41:33 Plate Mail Armor
41:13 Forging
43:31 Hoardings
42:57 Caravan
44:44 Two-Man Saw
45:34 Iron Casting
45:18 Man-at-Arms
45:43 Gambesons
kitty仔
2:17 Loom
10:31 Feudal Age
16:15 Wheelbarrow
15:35 Fletching
21:18 Castle Age
20:10 Double-Bit Axe
21:25 Crossbowman
22:11 Thumb Ring
24:41 Bow Saw
33:53 Gold Mining
35:05 Horse Collar
36:10 Ballistics
40:36 Elite Skirmisher
41:48 Elite Skirmisher
43:59 Hand Cart
45:17 Heavy Plow
KA MING
3:52 Loom
6:01 Double-Bit Axe
10:03 Feudal Age
12:27 Scale Barding Armor
13:38 Bow Saw
17:57 Horse Collar
22:03 Castle Age
20:41 Forging
22:06 Cavalier
23:11 Chain Barding Armor
23:24 Gold Mining
25:02 Gold Shaft Mining
25:08 Wheelbarrow
24:21 Cavalier
26:16 Husbandry
26:54 Iron Casting
32:33 Hand Cart
32:30 Heavy Plow
36:28 Two-Man Saw
36:36 Stone Mining
37:07 Town Watch
37:15 Fletching
40:23 Imperial Age
38:32 Town Patrol
39:44 Stone Shaft Mining
40:27 Paladin
41:45 Plate Barding Armor
43:06 Blast Furnace
43:27 Bodkin Arrow
44:10 Conscription
Stanleyip29
8:59 Feudal Age
9:34 Loom
10:04 Double-Bit Axe
20:18 Castle Age
20:14 Bloodlines
20:11 Scale Barding Armor
20:18 Forging
21:45 Bow Saw
21:32 Gold Mining
21:36 Horse Collar
23:25 Husbandry
24:14 Chain Barding Armor
26:16 Heavy Plow
29:17 Wheelbarrow
34:24 Hand Cart
34:45 Town Watch
37:57 Imperial Age
37:25 Ballistics
36:51 Light Cavalry
38:08 Iron Casting
38:46 Masonry
39:41 Chemistry
39:20 Plate Barding Armor
38:11 Heavy Scorpion
39:19 Cavalier
40:25 Siege Engineers
41:18 Conscription
42:44 Double Crossbow
43:23 Hussar
45:47 Blast Furnace
神速デュバリィ
9:17 Feudal Age
9:46 Double-Bit Axe
10:20 Loom
15:50 Castle Age
14:50 Forging
16:33 Horse Collar
18:59 Gold Mining
20:31 Scale Barding Armor
23:52 Wheelbarrow
23:58 Husbandry
24:09 Bloodlines
25:10 Heavy Plow
25:23 Bow Saw
27:03 Chain Barding Armor
30:13 Hand Cart
29:51 Stone Mining
32:47 Gold Shaft Mining
32:52 Stone Shaft Mining
31:43 Light Cavalry
32:52 Fervor
33:59 Iron Casting
38:47 Imperial Age
37:19 Scale Mail Armor
36:42 Pikeman
37:22 Squires
38:45 Heavy Camel Rider
39:06 Halberdier
40:44 Plate Barding Armor
41:10 Blast Furnace
40:26 Chain Mail Armor
41:08 Conscription
40:55 Cavalier
41:31 Hussar
45:13 Plate Mail Armor
45:53 Two-Man Saw
45:27 Crop Rotation
都挺好
0:45 Loom
10:25 Feudal Age
11:07 Double-Bit Axe
15:23 Horse Collar
15:40 Gold Mining
18:52 Fletching
19:03 Padded Archer Armor
24:08 Castle Age
24:13 Crossbowman
24:59 Thumb Ring
24:50 Bodkin Arrow
25:19 Bow Saw
25:42 Leather Archer Armor
26:40 Heavy Plow
28:23 Wheelbarrow
28:24 Squires
29:38 Ballistics
30:22 Town Watch
30:52 Hand Cart
30:53 Pikeman
35:47 Imperial Age
37:35 Chemistry
36:37 Bracer
37:08 Ring Archer Armor
36:46 Arbalester
40:11 Two-Man Saw
40:28 Town Patrol
41:11 Hoardings
40:07 Elite Skirmisher
42:47 Siege Engineers
42:24 Treadmill Crane
42:54 Masonry
43:08 Imperial Skirmisher
43:58 Halberdier
46:07 Scale Mail Armor
46:17 Forging
Kaiser Ze
8:03 Loom
10:13 Feudal Age
16:33 Castle Age
15:51 Scale Barding Armor
26:44 Double-Bit Axe
31:36 Chain Barding Armor
31:36 Gold Mining
33:07 Wheelbarrow
34:07 Gold Shaft Mining
38:18 Imperial Age
36:13 Forging
37:40 Iron Casting
39:06 Husbandry
38:28 Cavalier
40:00 Plate Barding Armor
40:25 Blast Furnace
42:41 Caravan
43:14 Elite Throwing Axeman
44:50 Padded Archer Armor
默默发育
5:24 Loom
11:10 Feudal Age
18:02 Castle Age
23:19 Double-Bit Axe
25:25 Fletching
30:47 Horse Collar
32:39 Bow Saw
32:43 Padded Archer Armor
33:16 Bodkin Arrow
34:29 Leather Archer Armor
35:55 Wheelbarrow
37:13 Gold Mining
37:28 Heavy Plow
38:08 Ballistics
40:38 Imperial Age
39:43 Thumb Ring
38:59 Elite Skirmisher
43:12 Imperial Skirmisher
45:15 Bracer
45:45 Ring Archer Armor
46:41 Chemistry
46:21 Coinage
Connection lost

Rejoining the realm…

Still unreachable

The connection could not be restored.

Session expired

The server has moved on; the page needs a fresh start.